 Dungeon Crawl Stone Soup version 0.21.0-3-g78d12a8 (webtiles) character file.

72 letownia2 the Ruffian (level 4, -6/28 HPs)
             Began as a Gargoyle Fighter on Jan 8, 2018.
             Mangled by a gnoll sergeant
             ... wielding a +0 spear
              (8 damage)
             ... on level 4 of the Dungeon.
             The game lasted 00:02:00 (867 turns).

letownia2 the Ruffian (Gargoyle Fighter)             Turns: 867, Time: 00:02:01

Health: -6/28      AC: 10    Str: 20    XL:     4   Next: 26%
Magic:  4/4        EV:  9    Int:  9    God:
Gold:   7          SH:  0    Dex:  9    Spells: 3/3 levels left

rFire    . . .     SeeInvis .     - Unarmed
rCold    . . .     Gourm    .   (no shield)
rNeg     + . .     Faith    .   a - +0 scale mail
rPois    ∞         Spirit   .   (no helmet)
rElec    +         Reflect  .   (no cloak)
rCorr    .         Harm     +   (no gloves)
MR       .....                  (no boots)
Stlth    ..........             h - amulet of harm
HPRegen  0.09/turn              (no ring)
MPRegen  0.09/turn              (no ring)

@: no status effects
A: negative energy resistance 1, electricity resistance, unbreathing,
petrification resistance, rot immunity, AC +3
a: no special abilities


You were on level 4 of the Dungeon.
You were not hungry.

You visited 1 branch of the dungeon, and saw 4 of its levels.

You collected 7 gold pieces.

Inventory:

Hand Weapons
 j - a +0 hunting sling of flaming
Armour
 a - a +0 scale mail (worn)
 b - a +0 shield
Jewellery
 h - an amulet of harm (around neck)
 l - a +6 amulet of reflection {unknown}
Scrolls
 g - a scroll of remove curse {unknown}
 i - 2 scrolls of blinking {unknown}
 k - a scroll of identify {unknown}
Potions
 c - a potion of might
 e - 2 potions of heal wounds {unknown}
 f - 2 potions of curing {unknown}
 m - a potion of agility {unknown}
Comestibles
 d - a ration


   Skills:
 + Level 3.3 Fighting
 - Level 3.2 Armour
 - Level 3.2 Shields
 + Level 4.3 Unarmed Combat


You had 3 spell levels left.
You didn't know any spells.

Dungeon Overview and Level Annotations

Branches:
Dungeon (4/15)
 Temple: D:4-7

Altars:
Ashenzari
Makhleb
Qazlal

Annotations:
D:3 piemaster's ghost, amateur HOMo


Innate Abilities, Weirdness & Mutations

You are resistant to torment.
Your stone body is resilient. (AC +3)
You are immune to poison.
You resist negative energy. (rN+)
You are resistant to electric shocks. (rElec)
You can survive without breathing.
You are immune to petrification.
You are immune to rotting.


Message History

You completely miss the gnoll sergeant.
The gnoll sergeant is lightly wounded.
The slave hits you.
* * * LOW HITPOINT WARNING * * *
The gnoll hits you but does no damage. The gnoll sergeant closely misses you.
The gnoll sergeant blocks your attack.
The gnoll sergeant is lightly wounded.
The slave barely misses you. The gnoll hits you but does no damage.
The gnoll sergeant hits you but does no damage.
You hit the gnoll sergeant.
The gnoll sergeant is lightly wounded.
The slave hits you but does no damage. The gnoll hits you with a spear.
* * * LOW HITPOINT WARNING * * *
The gnoll sergeant hits you with a spear.
* * * LOW HITPOINT WARNING * * *
You barely miss the gnoll sergeant.
The gnoll sergeant is lightly wounded.
The slave barely misses you. The gnoll hits you but does no damage.
The gnoll sergeant hits you with a spear!
You die...

#########
####...._#1#
##..p.#######
#..@g##.#
####g##.##########
#.##..g.g.g...#
#.##.p#######.##
#.##..# #...## #
#.##..# #.#...
....##...p.#
#>..##
#..........#...#
######
..#..#######.....
....


You could see a slave, a gnoll sergeant and a gnoll.

Vanquished Creatures
  A bullfrog zombie (D:3)
  An adder (D:2)
  A dart slug (D:2)
  2 orcs (D:2)
  A bat (D:1)
  2 giant cockroaches
  2 goblins (D:2)
  4 hobgoblins
  4 jackals (D:1)
  A quokka (D:3)
  2 frilled lizards (D:2)
  5 rats
26 creatures vanquished.

Notes
Turn   | Place    | Note
-------+----------+-------------------------------------------
     0 | D:1      | letownia2 the Gargoyle Fighter began the quest for the Orb.
     0 | D:1      | Reached XP level 1. HP: 14/14 MP: 1/1
   134 | D:1      | Reached XP level 2. HP: 18/19 MP: 2/2
   151 | D:1      | You fall through a shaft!
   151 | D:2      | Found a shattered altar of Ashenzari.
   166 | D:2      | Reached skill level 3 in Unarmed Combat
   179 | D:2      | Reached XP level 3. HP: 17/23 MP: 3/3
   565 | D:3      | Reached skill level 4 in Unarmed Combat
   565 | D:3      | Reached XP level 4. HP: 25/28 MP: 4/4
   599 | D:3      | Noticed piemaster's ghost (amateur HOMo)
   756 | D:2      | Found a stormy altar of Qazlal.
   817 | D:4      | Noticed a gnoll sergeant
   819 | D:4      | Noticed a slave
   854 | D:4      | Found a burning altar of Makhleb.
   854 | D:4      | Noticed an Executioner
   867 | D:4      | Mangled by a gnoll sergeant

Skill      XL: |  1  2  3 |
---------------+----------+-----
Unarmed Combat | 3 4 |  4.3
Fighting       | |  3.3
Armour         | |  3.2
Shields        | |  3.2

Action                   |  1- 3 |  4- 6 || total
-------------------------+-------+-------++-------
Melee: Unarmed           |   108 |    25 ||   133
Armor: Scale mail        |    68 |    24 ||    92
Dodge: Dodged            |    52 |    18 ||    70
Block: Shield            |    12 |       ||    12
